 Dungeon Crawl Stone Soup version 0.24-a0-479-g9a978d2894 (webtiles) character file.

Game seed: 7251579352027228048

1247 myga the Spear-Bearer (level 8, 0/70 HPs)
             Began as a Hill Orc Berserker on July 6, 2019.
             Was an Elder of Trog.
             Killed by divine providence
             ... invoked by an orc priest
              (15 damage)
             ... on level 5 of the Dungeon on July 16, 2019.
             The game lasted 00:21:27 (4784 turns).

myga the Spear-Bearer (Hill Orc Berserker)          Turns: 4784, Time: 00:21:29

Health: 0/70       AC: 12    Str: 20    XL:     8   Next: 50%
Magic:  8/8        EV:  8    Int:  7    God:    Trog [****..]
Gold:   246        SH:  0    Dex: 12    Spells: 7/7 levels left

rFire    + . .     SeeInvis .   d - +0 bardiche
rCold    . . .     Gourm    .   (shield currently unavailable)
rNeg     . . .     Faith    .   f - +0 chain mail
rPois    .         Spirit   .   (no helmet)
rElec    .         Reflect  .   (no cloak)
rCorr    .         Harm     .   (no gloves)
MR       .....                  (no boots)
Stlth    ..........             r - amulet of the acrobat
HPRegen  0.21/turn              n - +3 ring of protection
MPRegen  0.11/turn              a - ring of protection from fire

@: no status effects
A: no striking features
a: Berserk, Trog's Hand, Brothers in Arms, Renounce Religion, Convert to Beogh


You were on level 5 of the Dungeon.
You worshipped Trog.
Trog was greatly pleased with you.
You were very hungry.

You visited 1 branch of the dungeon, and saw 5 of its levels.
You also visited: Ossuary.

You collected 246 gold pieces.

Inventory:

Hand Weapons
 d - a +0 bardiche (weapon)
 p - a +3 hand axe
Missiles
 g - 14 atropa-tipped darts
 i - 101 stones
 l - 6 javelins
 m - 21 poisoned darts
 v - 9 boomerangs (quivered)
Armour
 f - a +0 chain mail (worn)
Jewellery
 a - a ring of protection from fire (right hand)
 n - a +3 ring of protection (left hand)
 r - an amulet of the acrobat (around neck)
Scrolls
 h - 2 scrolls of identify
 j - a scroll of teleportation
 t - a scroll of magic mapping
Potions
 e - 3 potions of curing
 s - a potion of ambrosia
 x - a potion of brilliance {unknown}
 z - a potion of lignification {unknown}
 A - a potion of magic {unknown}
 B - a potion of invisibility {unknown}
Comestibles
 b - a chunk of flesh
 c - 6 rations


   Skills:
 + Level 5.9 Fighting
 + Level 1.6(6.8) Axes
 + Level 8.8 Polearms
 + Level 1.3 Throwing
 + Level 4.6 Armour
 + Level 2.1 Dodging
 + Level 1.6 Stealth


You had 7 spell levels left.
You didn't know any spells.
Your spell library was empty.

Dungeon Overview and Level Annotations

Branches:
Dungeon (5/15)             Temple (0/1) D:4

Altars:
Ru

Shops:
D:4 [

Annotations:
D:5 Dowan


Message History

You miss the orc wizard.
The orc priest shouts, "Join the one true god or die!"
The orc wizard closely misses you.
The orc wizard gestures at you while chanting.
The magic dart hits you but does no damage.
The orc hits you. The phantom hits you.
The orc wizard looks encouraged for a moment.
The orc priest mumbles some strange prayers to Beogh against you.
Beogh smites you!
* * * LOW HITPOINT WARNING * * *
You see here a scratched iron ring.
Your skin stops crawling.
You feel less resistant to hostile enchantments.
You slash the orc wizard!
The orc wizard is heavily wounded.
The orc wizard completely misses you.
The orc wizard hits you but does no damage.
The orc priest mumbles some strange prayers to Beogh against you.
Beogh smites you!
You die...

#######
#.....#
#.....# ..
#.....# ..
#<....# .#
###.....#
.#
##.[.(...#
.#
#..#@#####
.# ##.=oo#
.#
####.o####
÷##
#...).#
..#
#.##.o#
#.#
#.##.##
#†# #W#..#
#)#
##o..##
#.#
##.)###


You could see an orc priest, an orc wizard and an orc.

Vanquished Creatures
  Edmund (D:5)
  Duvessa (D:5)
  3 ogres (D:5)
  A scorpion (D:5)
  2 howler monkeys (D:4)
  A hound (D:5)
  2 orc priests
  2 worker ants
  3 iguanas
  3 orc wizards
  7 big kobold zombies (Ossuary)
  A hound skeleton (D:5)
  A mummy (Ossuary)
  5 adders
  An ooze (D:1)
  4 worms
  7 dart slugs
  2 leopard geckos
  19 orcs
  4 spectral bats (Ossuary)
  A ball python (D:2)
  10 bats
  3 giant cockroaches
  5 gnoll zombies (Ossuary)
  5 goblins
  6 hobgoblins
  A jackal (D:2)
  4 kobolds
  A quokka (D:4)
  5 bat simulacra (Ossuary)
  6 frilled lizards
  3 goblin zombies (Ossuary)
  6 hobgoblin zombies (Ossuary)
  2 kobold simulacra (Ossuary)
  6 kobold zombies (Ossuary)
  A leopard gecko skeleton (D:2)
  3 orc zombies (Ossuary)
  3 rats
  A rat simulacrum (Ossuary)
  7 spectral goblins (Ossuary)
  4 spectral kobolds (Ossuary)
  5 spectral rats (Ossuary)
158 creatures vanquished.

Notes
Turn   | Place    | Note
-------+----------+-------------------------------------------
     0 | D:1      | myga the Hill Orc Berserker began the quest for the Orb.
     0 | D:1      | Reached XP level 1. HP: 19/19 MP: 1/1
     2 | D:1      | Noticed a spriggan
     2 | D:1      | Noticed a naga
     4 | D:1      | Noticed a demigod
     4 | D:1      | Noticed a centaur
     6 | D:1      | Noticed a formicid
     8 | D:1      | Noticed an elf
     8 | D:1      | Noticed an octopode
    10 | D:1      | Noticed a tengu
    10 | D:1      | Noticed a vine stalker
    12 | D:1      | Noticed a dwarf
    12 | D:1      | Noticed a human
    14 | D:1      | Noticed a merfolk
    16 | D:1      | Noticed a draconian
    16 | D:1      | Noticed a felid
    18 | D:1      | Noticed a troll
    18 | D:1      | Noticed a ghoul
    20 | D:1      | Noticed a halfling
    20 | D:1      | Noticed a demonspawn
    22 | D:1      | Noticed a vampire
    25 | D:1      | Noticed a minotaur
    27 | D:1      | Noticed an ogre
    27 | D:1      | Noticed a gargoyle
    77 | D:1      | Reached XP level 2. HP: 5/27 MP: 2/2
   648 | D:1      | Reached XP level 3. HP: 33/33 MP: 3/3
   963 | D:2      | Reached skill level 4 in Polearms
  1563 | D:2      | Found a sacrificial altar of Ru.
  1581 | D:2      | Reached ** piety under Trog
  1581 | D:2      | Reached XP level 4. HP: 34/40 MP: 4/4
  1859 | D:3      | Reached skill level 1 in Stealth
  2291 | D:3      | Reached XP level 5. HP: 41/47 MP: 5/5
  2955 | D:4      | Reached skill level 1 in Axes
  2955 | D:4      | Reached skill level 5 in Polearms
  2966 | D:4      | Found Peapu's Armour Boutique.
  2995 | D:4      | Found a staircase to the Ecumenical Temple.
  3021 | D:4      | Reached XP level 6. HP: 51/53 MP: 6/6
  3450 | D:4      | Found a sand-covered staircase.
  3455 | Ossuary  | Entered an ossuary
  3507 | Ossuary  | Reached *** piety under Trog
  3583 | Ossuary  | Reached skill level 6 in Polearms
  3635 | Ossuary  | Reached XP level 7. HP: 55/60 MP: 7/7
  3683 | Ossuary  | Reached skill level 5 in Fighting
  4009 | Ossuary  | Reached **** piety under Trog
  4208 | D:5      | Entered Level 5 of the Dungeon
  4208 | D:5      | Noticed Edmund
  4523 | D:5      | Noticed Duvessa
  4523 | D:5      | Noticed Dowan
  4543 | D:5      | Killed Edmund
  4543 | D:5      | Reached skill level 7 in Polearms
  4547 | D:5      | Killed Duvessa
  4547 | D:5      | Reached skill level 1 in Throwing
  4578 | D:5      | Reached XP level 8. HP: 40/69 MP: 8/8
  4726 | D:5      | Reached skill level 8 in Polearms
  4784 | D:5      | Killed from afar by an orc priest

Levels and vault maps discovered:
D:1:      kb_arrival_jail, layout_loops_ring
D:2:      layout_basic, nicolae_ru_great_annihilating_truth
D:3:      minmay_angry_zag, layout_loops_ring, first_ration, kennysheep_path_1
D:4:      layout_basic, minmay_temple_entry_glass, enter_ossuary_2,
          serial_shops, shop, hangedman_abyss_or_decor_stagger
D:5:      layout_rooms, uniq_edmund, uniq_duvessa

Skill      XL: |  1  2  3  4  5  6  7  8 |
---------------+-------------------------+-----
Fighting       | 4 5 |  5.9
Polearms       | 4 5 6 7 8 |  8.8
Stealth        | 1 |  1.6
Armour         | 3 4 |  4.6
Axes           | 1 |  1.6
Dodging        | 2 |  2.1
Throwing       | 1 |  1.3

Action                   |  1- 3 |  4- 6 |  7- 9 || total
-------------------------+-------+-------+-------++-------
Melee: Spear             |   147 |    12 |       ||   159
       Hand axe          |       |    55 |       ||    55
       Bardiche          |       |   209 |   188 ||   397
Throw: Stone             |     2 |    18 |       ||    20
       Javelin           |     1 |     5 |       ||     6
       Boomerang         |       |    14 |     9 ||    23
       Dart              |       |       |     2 ||     2
Invok: Berserk           |     1 |     1 |     1 ||     3
       Trog's Hand       |       |     2 |     4 ||     6
  Use: Scroll            |     5 |     2 |     8 ||    15
       Potion            |       |       |     4 ||     4
 Stab: Sleeping          |     1 |       |       ||     1
       Paralysed         |       |     2 |       ||     2
  Eat: Chunk             |     3 |     7 |     4 ||    14
       Ration            |       |       |     1 ||     1
Armor: Chain mail        |    46 |   232 |   135 ||   413
       Animal skin       |     4 |       |       ||     4
Dodge: Dodged            |    37 |   172 |   124 ||   333

Table legend:
 A = Non-vault XP
 B = Vault XP
 C = Vault XP percentage of total XP
 D = Non-vault monster count
 E = Vault monster count
 F = Vault count percentage of total count
                 A         B        C        D         E       F
            +---------+---------+-------+---------+---------+-------
      Total |    1156 |     626 |  35.1 |      88 |      70 |  44.3
            +---------+---------+-------+---------+---------+-------
        D:1 |      46 |       0 |   0.0 |      21 |       0 |   0.0
        D:2 |      31 |      41 |  56.9 |      14 |       4 |  22.2
        D:3 |      67 |      13 |  16.2 |      15 |       5 |  25.0
        D:4 |     349 |       0 |   0.0 |      22 |       0 |   0.0
        D:5 |     663 |     319 |  32.5 |      16 |       2 |  11.1
    Ossuary |       0 |     253 | 100.0 |       0 |      59 | 100.0
            +---------+---------+-------+---------+---------+-------
